 Dungeon Crawl Stone Soup version 0.18.1-50-g88ac8fd (webtiles) character file.

9422 magog001 the Blocker (level 11, -1/99 HPs)
             Began as a Minotaur Fighter on July 18, 2019.
             Was an Elder of Nemelex Xobeh.
             Slain by Snorg (9 damage)
             ... on level 10 of the Dungeon on July 24, 2019.
             The game lasted 00:59:05 (8814 turns).

magog001 the Blocker (Minotaur Fighter)             Turns: 8814, Time: 00:59:07

Health: -1/99      AC: 22    Str: 31    XL:     11   Next: 22%
Magic:  0/11       EV:  7    Int:  5    God:    Nemelex Xobeh [****..]
Gold:   668        SH: 14    Dex: 10    Spells: 0 memorised, 10 levels left

rFire  + . .     SeeInvis .     N - +9 trident of the Three Nights {freeze, rN+}
rCold  x . .     Gourm    .     D - +0 plate armour
rNeg   + . .     Faith    .     c - +0 shield
rPois  +         Spirit   +     (helmet unavailable)
rElec  .         Dismiss  .     w - +2 cloak
rCorr  .         Reflect  .     (no gloves)
SustAt .         Harm     .     l - +2 pair of boots
MR     .....                    I - amulet of guardian spirit
Stlth  ..........               P - ring of wizardry
                                j - ring of fire

@: mighty, especially stealthy, not resistant to hostile enchantments, extremely
unstealthy
A: retaliatory headbutt, hooves 1, horns 3, rugged brown scales 1, poison
resistance, screaming 1, strong 1, MP-powered wands
a: Triple Draw, Deal Four, Renounce Religion


You were on level 10 of the Dungeon.
You worshipped Nemelex Xobeh.
Nemelex Xobeh was greatly pleased with you.
You were not hungry.

You visited 1 branch of the dungeon, and saw 10 of its levels.
You also visited: Sewer.

You collected 668 gold pieces.

Inventory:

Hand Weapons
 a - a +2 war axe
 N - the +9 trident of the Three Nights (weapon) {freeze, rN+}
   (You found it on level 9 of the Dungeon)

   It has been specially enchanted to freeze those struck by it, causing extra
   injury to most foes and up to half again as much damage against particularly
   susceptible opponents.
   It can also slow down cold-blooded creatures.
   It protects you from negative energy.
 X - a +0 hunting sling
Missiles
 m - 60 sling bullets
Armour
 c - a +0 shield (worn)
 l - a +2 pair of boots (worn)
 w - a +2 cloak (worn)
 D - a +0 plate armour (worn)
Jewellery
 j - a ring of fire (left hand)
 I - an amulet of guardian spirit (around neck)
 P - a ring of wizardry (right hand)
Wands
 x - a wand of digging (11/24)
 A - a wand of flame (30/48)
 B - a wand of flame (28/48)
 E - a wand of flame (7/48)
 U - a wand of disintegration (18/24)
 V - a wand of lightning (4/15)
 Y - a wand of paralysis (13/24)
Scrolls
 k - 7 scrolls of teleportation
 u - 3 scrolls of recharging
 v - a scroll of fear
 y - 2 scrolls of magic mapping
 F - 4 scrolls of remove curse
 L - 3 scrolls of amnesia
 R - 2 scrolls of identify
 T - 2 scrolls of immolation {unknown}
 W - a scroll of fog
Potions
 e - 3 potions of cure mutation
 i - 5 potions of brilliance
 q - 2 potions of agility
 r - 5 potions of haste
 s - 2 potions of magic
 t - 7 potions of curing
 G - 2 potions of lignification {unknown}
 H - a potion of resistance
 K - a potion of cancellation
 M - a potion of berserk rage
Miscellaneous
 h - a plain deck of escape
 p - a plain deck of war
 z - a plain deck of war
 C - an ornate deck of destruction {drawn: 3}
 J - an ornate deck of war {drawn: 4}
 O - a plain deck of war
Comestibles
 b - a chunk of flesh
 f - 7 bread rations
 g - 22 fruits
 n - 5 slices of pizza
 o - 3 meat rations


   Skills:
 * Level 9.3 Fighting
 - Level 9.7(10.3) Axes
 * Level 5.6(8.4) Polearms
 * Level 10.3 Armour
 * Level 12.4 Shields
 + Level 0.2 Unarmed Combat
 + Level 1.5 Evocations


You had 10 spell levels left.
You didn't know any spells.

Dungeon Overview and Level Annotations

Branches:
Dungeon (10/15)            Temple (0/1) D:5            Lair (0/8) D:8
    Orc: D:9-12

Altars:
Ashenzari
Cheibriados
Dithmenos
Elyvilon
Makhleb
Nemelex Xobeh
Pakellas
Ru
Vehumet
Yredelemnul
Zin

Annotations:
D:10 4 runed doors, Snorg


Innate Abilities, Weirdness & Mutations

You reflexively headbutt those who attack you in melee.
You have a pair of large horns on your head.
You have large cloven feet.
You are partially covered in rugged brown scales (AC +1, +3% HP).
Your system is resistant to poisons.
You occasionally shout uncontrollably at your foes.
Your muscles are strong. (Str +2)
You expend magic power (3 MP) to strengthen your wands.


Message History

You block Snorg's attack. Snorg claws you. Snorg claws you but does no damage.
You closely miss Snorg. Your headbutt misses Snorg.
Snorg is heavily wounded.
You block Snorg's attack. Snorg claws you. Snorg claws you!
* * * LOW HITPOINT WARNING * * *
You impale Snorg!! You freeze Snorg. You headbutt Snorg!
Snorg is severely wounded.
Snorg bites you!
* * * LOW HITPOINT WARNING * * *
Snorg closely misses you. You block Snorg's attack.
Snorg bites you but does no damage. Snorg claws you but does no damage. x2
You puncture Snorg! You freeze Snorg. You headbutt Snorg!
Snorg is almost dead.
Snorg bites you!
* * * LOW HITPOINT WARNING * * *
Snorg claws you but does no damage. x2
Evoke which item? (* to show all) (? for menu, Esc to quit)
You draw a card...
It is the Shadow.
You feel stealthy. Snorg bites you!
You die...
Your body glows slightly and disappears.

# ##. #. .... # #.
..... ...
#.####......
....#...@To.....
###.....##########
.................##
###.....###.......#
#.....# #.......#
#.....#
#.......#######
#.....#
#.........#....
#.....#
#.......#...#+#
#.....#
#...)...[.### #


You could see Snorg (berserk) and an orc.

Vanquished Creatures
  A hydra (D:9)
  The ghost of PeterLawrence the Basher, a novice MiFi of Okawaru (D:8)
  2 hill giants (D:10)
  A gargoyle (D:10)
  2 spiny frogs (D:8)
  A troll (D:9)
  A two-headed ogre (D:10)
  Grinder (D:6)
  6 yaks (D:9)
  Menkaure (D:6)
  A steam dragon (D:9)
  Duvessa (D:7)
  2 water moccasins
  3 sky beasts
  2 orc warriors
  A porcupine (D:8)
  A black bear (D:7)
  An ice beast (D:6)
  The ghost of PeterLawrence the Skirmisher, an amateur MiFi (D:3)
  2 phantoms
  2 ogres
  4 centaurs
  Blork the orc (D:4)
  3 big kobolds (D:9)
  9 giant frogs
  2 water moccasin skeletons
  5 killer bees (D:9)
  4 howler monkeys
  A crimson imp (D:9)
  2 jellies
  7 orc priests
  4 orc wizards
  2 giant frog skeletons (D:7)
  6 hounds
  Crazy Yiuf (D:5)
  Ijyb (D:3)
  Natasha (twice) (D:3)
  2 iguanas
  9 worker ants
  2 sheep (D:9)
  A hound zombie (D:5)
  3 hound skeletons
  11 adders
  5 river rats
  6 oozes
  An adder skeleton (D:4)
  An adder zombie (D:7)
  2 worms
  5 dart slugs
  5 giant geckos
  34 orcs
  6 bats
  3 giant cockroaches
  14 goblins
  6 hobgoblins
  28 jackals
  2 quokkas
  14 ball pythons
  A giant gecko skeleton (D:5)
  10 giant newts
  14 kobolds
  A quokka zombie (D:5)
  27 rats
  A spectral orc (D:4)
302 creatures vanquished.

Vanquished Creatures (collateral kills)
  A centaur (D:7)
  A big kobold (D:8)
  Dowan (D:7)
  A killer bee (D:9)
  A howler monkey (D:7)
  A crimson imp (D:7)
6 creatures vanquished.

Grand Total: 308 creatures vanquished

Notes
Turn   | Place    | Note
--------------------------------------------------------------
     0 | D:1      | magog001 the Minotaur Fighter began the quest for the Orb.
     0 | D:1      | Reached XP level 1. HP: 19/19 MP: 0/0
   106 | D:1      | Reached XP level 2. HP: 27/27 MP: 1/1
   181 | D:1      | Reached skill level 4 in Shields
   212 | D:1      | Reached XP level 3. HP: 26/33 MP: 2/2
   864 | D:2      | Found a snail-covered altar of Cheibriados.
   875 | D:2      | Reached XP level 4. HP: 33/40 MP: 3/3
   883 | D:2      | Found a sparkling altar of Nemelex Xobeh.
   894 | D:2      | Became a worshipper of Nemelex Xobeh the Trickster
   900 | D:2      | Found a white marble altar of Elyvilon.
   907 | D:2      | Found a radiant altar of Vehumet.
  1025 | D:2      | Received a gift from Nemelex Xobeh
  1322 | D:3      | Noticed Natasha
  1324 | D:3      | Received a gift from Nemelex Xobeh
  1337 | D:3      | Found a glowing drain.
  1345 | D:3      | Reached skill level 5 in Shields
  1366 | Sewer    | Entered a sewer
  1571 | Sewer    | Gained mutation: Your muscles are strong. (Str +2) [potion of mutation]
  1571 | Sewer    | Gained mutation: You have a pair of large horns on your head. [potion of mutation]
  1571 | Sewer    | Gained mutation: You occasionally shout uncontrollably at your foes. [potion of mutation]
  1572 | Sewer    | Gained mutation: You are partially covered in rugged brown scales (AC +1, +3% HP). [potion of mutation]
  1572 | Sewer    | Gained mutation: Your system is resistant to poisons. [potion of mutation]
  1748 | Sewer    | Reached XP level 5. HP: 37/48 MP: 4/4
  1835 | Sewer    | Reached * piety under Nemelex Xobeh
  1864 | Sewer    | Reached skill level 5 in Armour
  2024 | Sewer    | Reached XP level 6. HP: 28/54 MP: 5/5
  2289 | D:3      | Killed Natasha
  2289 | D:3      | Reached skill level 6 in Shields
  2310 | D:3      | Noticed Ijyb
  2315 | D:3      | Killed Ijyb
  2465 | D:3      | Received a gift from Nemelex Xobeh
  2546 | D:3      | Noticed PeterLawrence's ghost (amateur MiFi)
  2549 | D:3      | Killed PeterLawrence's ghost
  2696 | D:3      | You fall through a shaft!
  2696 | D:4      | Noticed Blork the orc
  2702 | D:4      | Killed Blork the orc
  2702 | D:4      | Reached skill level 5 in Fighting
  2702 | D:4      | Reached XP level 7. HP: 48/62 MP: 6/6
  2726 | D:4      | Found a shattered altar of Ashenzari.
  2858 | D:4      | Reached skill level 7 in Shields
  2938 | D:3      | Received a gift from Nemelex Xobeh
  2954 | D:3      | Noticed Natasha
  2962 | D:3      | Killed Natasha
  3073 | D:3      | Found a sacrificial altar of Ru.
  3075 | D:3      | Reached ** piety under Nemelex Xobeh
  3296 | D:4      | Found a basalt altar of Yredelemnul.
  3422 | D:4      | Reached skill level 5 in Axes
  3922 | D:5      | Entered Level 5 of the Dungeon
  4030 | D:5      | Reached XP level 8. HP: 57/71 MP: 7/7
  4137 | D:5      | Noticed Crazy Yiuf
  4144 | D:5      | Killed Crazy Yiuf
  4214 | D:5      | Reached skill level 8 in Shields
  4360 | D:5      | Received a gift from Nemelex Xobeh
  4362 | D:5      | Found a staircase to the Ecumenical Temple.
  4606 | D:6      | Found a shadowy altar of Dithmenos.
  4764 | D:6      | Noticed Grinder
  4768 | D:6      | Paralysed by Grinder for 6 turns
  4781 | D:6      | Paralysed by Grinder for 7 turns
  4793 | D:6      | Killed Grinder
  4986 | D:6      | Noticed Menkaure
  4995 | D:6      | Killed Menkaure
  5610 | D:6      | Reached skill level 9 in Shields
  5732 | D:7      | Reached *** piety under Nemelex Xobeh
  5756 | D:7      | Reached XP level 9. HP: 80/80 MP: 8/8
  5886 | D:7      | Received a gift from Nemelex Xobeh
  6103 | D:7      | Noticed Dowan
  6105 | D:7      | Noticed Duvessa
  6114 | D:7      | Killed Duvessa
  6120 | D:7      | Killed Dowan
  6449 | D:8      | Found a staircase to the Lair.
  6451 | D:8      | Noticed PeterLawrence's ghost (novice MiFi)
  6453 | D:8      | Noticed a spiny frog
  6454 | D:8      | Noticed a spiny frog
  6470 | D:8      | Killed a spiny frog
  6470 | D:8      | Reached skill level 10 in Shields
  6470 | D:8      | Reached skill level 1 in Evocations
  6478 | D:8      | Killed a spiny frog
  6505 | D:8      | Killed PeterLawrence's ghost
  6505 | D:8      | Reached XP level 10. HP: 68/88 MP: 9/9
  6659 | D:8      | Found an oddly glowing altar of Pakellas.
  7242 | D:9      | Got an iridescent trident
  7248 | D:9      | Identified the +9 trident of the Three Nights {freeze, rN+} (You found it on level 9 of the Dungeon)
  7279 | D:9      | Gained mutation: You have large cloven feet. [potion of mutation]
  7279 | D:9      | Gained mutation: Your muscles are very strong. (Str +4) [potion of mutation]
  7280 | D:9      | Lost mutation: Your muscles are very strong. (Str +4) [potion of mutation]
  7280 | D:9      | Gained mutation: You expend magic power (3 MP) to strengthen your wands. [potion of mutation]
  7300 | D:9      | Found a burning altar of Makhleb.
  7305 | D:9      | Found a glowing silver altar of Zin.
  7305 | D:9      | Noticed an angel
  7305 | D:9      | Noticed a cacodemon
  7328 | D:9      | Reached skill level 1 in Polearms
  7328 | D:9      | Reached skill level 11 in Shields
  7529 | D:9      | Reached **** piety under Nemelex Xobeh
  8093 | D:9      | Noticed a three-headed hydra
  8099 | D:9      | Killed a three-headed hydra
  8099 | D:9      | Reached skill level 12 in Shields
  8289 | D:10     | Entered Level 10 of the Dungeon
  8302 | D:10     | Reached skill level 10 in Armour
  8332 | D:10     | Reached XP level 11. HP: 64/99 MP: 9/11
  8342 | D:10     | Noticed a hill giant
  8353 | D:10     | Killed a hill giant
  8419 | D:10     | Reached skill level 5 in Polearms
  8436 | D:10     | Noticed a hill giant
  8450 | D:10     | Killed a hill giant
  8714 | D:10     | Found a runed door.
  8723 | D:10     | Found a runed door.
  8739 | D:10     | Found a runed door.
  8750 | D:10     | Found a runed door.
  8796 | D:10     | Noticed Snorg
  8814 | D:10     | Slain by Snorg

Skill      XL: |  1  2  3  4  5  6  7  8  9 10 11 |
---------------+----------------------------------+-----
Armour         | 4 5 6 7 9 10 | 10.3
Shields        | 4 5 6 7 9 10 12 | 12.4
Fighting       | 4 5 6 7 9 |  9.3
Axes           | 3 4 5 7 9 |  9.7
Evocations     | 1 |  1.5
Polearms       | 4 5 |  5.6
Unarmed Combat | |  0.2

Action                   |  1- 3 |  4- 6 |  7- 9 | 10-12 || total
-------------------------+-------+-------+-------+-------++-------
Melee: War axe           |    97 |   170 |   268 |    49 ||   584
       Headbutt          |    14 |    21 |    54 |    46 ||   135
       Unarmed           |       |       |     1 |       ||     1
       Trident           |       |       |       |   180 ||   180
Evoke: Wand              |       |       |     5 |     3 ||     8
       Deck              |       |       |     4 |     3 ||     7
  Use: Scroll            |       |    13 |    11 |     4 ||    28
       Potion            |       |     3 |     1 |     5 ||     9
  Eat: Chunk             |       |     3 |     6 |       ||     9
       Beef jerky        |       |     1 |     1 |       ||     2
       Meat ration       |       |     1 |       |     1 ||     2
       Fruit             |       |       |     5 |       ||     5
       Pizza             |       |       |       |     1 ||     1
Armor: Scale mail        |    45 |   130 |    14 |       ||   189
       Plate armour      |       |       |   104 |   107 ||   211
Dodge: Dodged            |    21 |    88 |    66 |    44 ||   219
Block: Shield            |    52 |   144 |   180 |   158 ||   534
